 Dungeon Crawl Stone Soup version 0.27-a0-124-g19cb506db8 (webtiles) character file.

Game seed: 4177140490153211840

1864 kae the Ruffian (level 8, -7/80 HPs)
             Began as a Purple Draconian Transmuter on Jan 26, 2021.
             Killed from afar by an orc wizard (13 damage)
             ... with a puff of flame
             ... on level 7 of the Dungeon.
             The game lasted 00:05:48 (6599 turns).

kae the Ruffian (Purple Draconian Transmuter)       Turns: 6599, Time: 00:05:49

Health: -7/80      AC:  5    Str: 15    XL:     8   Next: 90%
Magic:  12/16      EV: 11    Int: 14    God:
Gold:   242        SH:  0    Dex: 11    Spells: 4/17 levels left

rFire    x . .     SeeInvis .     - Unarmed
rCold    + + +     Faith    .   (shield currently unavailable)
rNeg     . . .     Spirit   .   (armour unavailable)
rPois    +         Reflect  .   (helmet currently unavailable)
rElec    .         Harm     .   (cloak currently unavailable)
rCorr    .         Rampage  .   (gloves currently unavailable)
Will     +....                  (boots currently unavailable)
Stlth    +.........             (no amulet)
HPRegen  0.23/turn              h - ring of poison resistance
MPRegen  0.15/turn              c - ring of flight

@: ice-form
A: large, (breathe power), unfitting armour, AC +6
a: End Transformation, Evoke Flight


You were on level 7 of the Dungeon.
You were a creature of crystalline ice.
You visited 1 branch of the dungeon, and saw 6 of its levels.
You also visited: Sewer.

You collected 242 gold pieces.

Inventory:

Armour
 j - a +2 pair of gloves (melded)
Jewellery
 b - an uncursed ring of see invisible
 c - a ring of flight (right front paw)
 e - a +4 ring of evasion {unknown}
 h - a ring of poison resistance (left front paw)
 i - a +4 ring of evasion {unknown}
 l - an uncursed ring of fire {unknown}
Scrolls
 k - a scroll of blinking {unknown}
 n - a scroll of brand weapon {unknown}
 o - a scroll of fear {unknown}
 p - a scroll of enchant weapon {unknown}
 q - a scroll of amnesia {unknown}
 r - a scroll of identify
Potions
 a - a potion of flight
 d - a potion of brilliance
 f - a potion of curing
 g - a potion of attraction
 m - a potion of heal wounds


   Skills:
 + Level 4.9 Fighting
 + Level 4.3 Dodging
 * Level 7.2 Unarmed Combat
 + Level 5.4 Spellcasting
 + Level 4.9 Transmutations
 - Level 3.0 Poison Magic


You had 4 spell levels left.
You knew the following spells:

 Your Spells              Type           Power        Failure   Level
a - Beastly Appendage     Tmut           34%          2%          1
b - Spider Form           Tmut/Pois      7%           10%         3
c - Ice Form              Ice/Tmut       10%          52%         4
d - Blade Hands           Tmut           8%           52%         5

Your spell library contained the following spells:

 Spells                   Type           Power        Failure   Level
 Wereblood                Tmut           17%          3%          2
 Animate Skeleton         Necr           6%           17%         1
 Pain                     Necr           12%          17%         1
 Vampiric Draining        Necr           1%           45%         3
 Animate Dead             Necr           1%           86%         4
 Agony                    Necr           3%           99%         5


Dungeon Overview and Level Annotations

Branches:
Dungeon (7/15)              Sewer (visited)
 Temple: D:4-7

Altars:
Fedhas
Gozag
Makhleb
Okawaru
Ru
Trog
Vehumet
The Shining One

Shops:
D:6 :

Annotations:
D:6 1 runed translucent door, psellion's ghost, novice DrIE


Innate Abilities, Weirdness & Mutations

((You can breathe bolts of dispelling energy.))
((Your rich purple scales are hard. (AC +6)))
You cannot fit into any form of body armour.
((You are cold-blooded and may be slowed by cold attacks.))


Message History

The spell is quite dangerous to cast (52% risk of failure)!
Continue anyway?
You turn into a creature of crystalline ice.
Your +2 pair of gloves melds into your body.
The orc warrior shouts!
The orc wizard shouts!
You hear a shout! x2
The orc warrior throws a stone.
The stone hits you!
An orc wizard comes into view. It is wielding a +0 dagger.
The orc warrior throws a stone.
The stone hits you!
The orc warrior hits you from afar with a +0 halberd!!
An orc wizard comes into view. It is wielding a +2 dagger of draining.
The orc wizard shouts!
The orc warrior hits you with a +0 halberd.
You hit the orc warrior. You freeze the orc warrior.
The orc warrior is lightly wounded.
You hit the orc warrior but do no damage.
The orc warrior is lightly wounded.
The orc warrior hits you with a +0 halberd!!
* * * LOW HITPOINT WARNING * * *
The orc wizard gestures at you while chanting.
The puff of flame hits you! The fire burns you terribly!
You die...

.. ##...# ...# .....
#..#..#..# #....#[..##
....
#..............Z.#
....o..##......# .
#.o..##.._..# ..o
#Y..#.....#######
#..#.#.#...........#
#..o...Z......[....#
##.###.#...........#
#.###.............##
#.....##...÷........
##[..##.#...[.......##
....###...####)#.####
.........## #÷#...


You could see an orc warrior, 2 orc wizards and an adder zombie.

Vanquished Creatures
  Menkaure (D:6)
  A water moccasin (D:6)
  An ice beast (D:7)
  A sky beast (D:7)
  2 centaurs
  Blork the orc (D:6)
  4 bullfrogs
  A gnoll sergeant (D:6)
  4 killer bees (D:6)
  4 wights (D:7)
  2 howler monkeys
  2 hounds
  A jelly (D:6)
  An orc priest (D:6)
  A bullfrog skeleton (D:6)
  2 orc wizards (D:6)
  Robin (D:2)
  4 gnolls
  7 adders
  2 white imps (D:6)
  3 ufetubi
  2 oozes
  An adder zombie (D:6)
  A worm (D:3)
  4 dart slugs
  8 leopard geckos
  14 orcs
  8 giant cockroaches
  14 goblins
  10 hobgoblins
  4 jackals (D:1)
  A quokka (D:6)
  3 ball pythons
  6 bats
  8 frilled lizards
  4 kobolds
  11 rats
145 creatures vanquished.

Vanquished Creatures (others)
  13 fungi (D:7)
  4 plants (D:7)
17 creatures vanquished.

Grand Total: 162 creatures vanquished

Notes
Turn   | Place    | Note
-------+----------+-------------------------------------------
     0 | D:1      | kae the Draconian Transmuter began the quest for the Orb.
     0 | D:1      | Reached XP level 1. HP: 16/16 MP: 3/3
    57 | D:1      | Reached XP level 2. HP: 17/23 MP: 3/5
   433 | D:1      | Reached XP level 3. HP: 28/28 MP: 4/6
   470 | D:1      | Learned a level 3 spell: Spider Form
  1176 | D:2      | Found an iron altar of Okawaru.
  1269 | D:2      | Reached skill level 1 in Poison Magic
  1275 | D:2      | Found a faded altar of an unknown god.
  1444 | D:2      | Noticed Robin
  1512 | D:2      | Killed Robin
  1513 | D:2      | Reached XP level 4. HP: 28/35 MP: 3/7
  2047 | D:3      | Found a blossoming altar of Fedhas.
  2048 | D:3      | Found a bloodstained altar of Trog.
  2048 | D:3      | Found a glowing golden altar of the Shining One.
  2161 | D:3      | Found a radiant altar of Vehumet.
  2161 | D:3      | Found an opulent altar of Gozag.
  2169 | D:3      | Found a burning altar of Makhleb.
  2169 | D:3      | Found a sacrificial altar of Ru.
  2547 | D:3      | Reached XP level 5. HP: 36/41 MP: 7/9
  2892 | D:3      | You fall into a shaft and drop 3 floors!
  2909 | D:6      | Reached skill level 4 in Unarmed Combat
  2952 | D:6      | Noticed a water moccasin
  2966 | D:6      | Killed a water moccasin
  2967 | D:6      | Reached XP level 6. HP: 26/48 MP: 7/10
  3061 | D:6      | Found a glowing drain.
  3076 | Sewer    | Entered a sewer
  3503 | Sewer    | Learned a level 4 spell: Ice Form
  3908 | D:6      | Noticed Blork the orc
  3916 | D:6      | Killed Blork the orc
  3917 | D:6      | Your scales start taking on a rich purple colour.
  3917 | D:6      | Reached XP level 7. HP: 52/57 MP: 9/13
  3927 | D:6      | Noticed Menkaure
  3937 | D:6      | Killed Menkaure
  3938 | D:6      | Reached skill level 5 in Unarmed Combat
  3956 | D:5      | Entered Level 5 of the Dungeon
  4965 | D:6      | Found an iron altar of Okawaru.
  5010 | D:6      | Found Citurugh's Book Shoppe.
  5081 | D:6      | Found a runed translucent door.
  5095 | D:6      | Noticed psellion's ghost (novice DrIE)
  5112 | D:6      | Reached XP level 8. HP: 30/66 MP: 11/14
  5122 | D:6      | Reached skill level 6 in Unarmed Combat
  5957 | D:6      | Learned a level 5 spell: Blade Hands
  6186 | D:7      | Reached skill level 5 in Spellcasting
  6242 | D:7      | Found an iron altar of Okawaru.
  6278 | D:7      | Reached skill level 7 in Unarmed Combat
  6599 | D:7      | Killed from afar by an orc wizard

Illustrated notes

Levels and vault maps discovered:
D:1:      tarquinn_simple_flora_water_c, layout_loops_ring, nrook_uturn,
          feat_on_display
D:2:      layout_basic, nicolae_overflow_hidden_temple, serial_glass,
          glass_columns_a, glass_columns_c, chequers_ecumenical_altar_simple,
          serial_bayou_pond_e, uniq_robin
D:3:      minmay_inner_zag, layout_rooms, grunt_temple_overflow_open,
          chequers_serial_rivers_micro_a
D:5:      layout_rooms, basic_altar, kennysheep_windowed_goal
D:6:      layout_gridville, lightli_ossuary_entry_decrepit_ruins,
          ebering_ghost_sewer_d, portal_sewer_entry_d, serial_shops, shop,
          chequers_mini_garden, okawaru_gym_becter, uniq_blork_the_orc,
          uniq_menkaure
D:7:      layout_rooms, basic_altar, nicolae_lava_and_water, fedhas_altar_3

Skill      XL: |  1  2  3  4  5  6  7  8 |
---------------+-------------------------+-----
Dodging        | 2 3 4 |  4.3
Poison Magic   | 1 2 3 |  3.0
Fighting       | 2 3 4 |  4.9
Unarmed Combat | 4 5 7 |  7.2
Transmutations | 3 4 |  4.9
Spellcasting   | 4 5 |  5.4

Action                   |  1- 3 |  4- 6 |  7- 9 || total
-------------------------+-------+-------+-------++-------
Melee: Unarmed           |   123 |   186 |   162 ||   471
       Kick              |     8 |    13 |     1 ||    22
       Tailslap          |     8 |     2 |     5 ||    15
       Headbutt          |     9 |     5 |     3 ||    17
       Punch             |     2 |     3 |       ||     5
 Cast: Beastly Appendage |    20 |    16 |     3 ||    39
       Spider Form       |     1 |    11 |    12 ||    24
       Ice Form          |       |       |     2 ||     2
 Abil: Breathe Dispellin |       |       |     2 ||     2
  Use: Scroll            |     3 |     4 |     1 ||     8
       Potion            |       |     4 |     2 ||     6
 Stab: Sleeping          |     3 |     1 |       ||     4
       Invisible         |       |     2 |       ||     2
Armor: Skin              |    39 |    42 |    18 ||    99
Dodge: Dodged            |   111 |   150 |   168 ||   429

Table legend: (Time is in decaauts)
 A = Elapsed time spent in this place.
 B = Non-inter-level travel time spent in this place.
 C = Inter-level travel time spent in this place.
 D = Time resting spent in this place.
 E = Time spent auto-exploring this place.
 F = Levels seen in this place.
 G = Mean time per level.
                   A        B        C        D        E       F      G
               +--------+--------+--------+--------+--------+-----+--------+
         Total |   6678 |   6612 |     66 |    518 |   4822 |   7 |  954.0 |
       Dungeon |   5794 |   5728 |     66 |    483 |   4180 |   6 |  965.7 |
         Sewer |    884 |    884 |      0 |     35 |    642 |   1 |  884.0 |
               +--------+--------+--------+--------+--------+-----+--------+

Top non-repeatable levels by time:
     D:6: 2285 daAuts
     D:1: 1066 daAuts
     D:2: 930 daAuts
     D:3: 884 daAuts
   Sewer: 884 daAuts
     D:7: 611 daAuts
     D:5: 16 daAuts
